 Dungeon Crawl Stone Soup version 0.21-a0-529-g8c7b3f5 (webtiles) character file.

32981 rgaf the Fighter (level 13, -1/86 HPs)
             Began as a Tengu Summoner on Dec 10, 2017.
             Was an Elder of Sif Muna.
             Slain by a hornet (9 damage)
             ... while paralysed by a hornet
             ... on level 11 of the Dungeon.
             The game lasted 00:56:51 (26379 turns).

rgaf the Fighter (Tengu Summoner)                  Turns: 26379, Time: 00:56:52

Health: -1/86      AC: 12    Str:  9    XL:     13   Next: 68%
Magic:  28/28      EV:  2    Int: 21    God:    Sif Muna [****..]
Gold:   917        SH:  0    Dex: 21    Spells: 16/32 levels left

rFire    + . .     SeeInvis .   q - +2 quarterstaff (drain)
rCold    . . .     Gourm    .   (shield currently unavailable)
rNeg     . . .     Faith    .   N - +2 robe of Fun and Games {*Corrode rPois Int+2}
rPois    +         Spirit   .   T - +0 hat
rElec    +         Reflect  .   o - +1 cloak
rCorr    .         Harm     .   L - +2 pair of gloves of Sin {rElec Slay+3}
MR       .....                  (boots unavailable)
Stlth    ++........             (no amulet)
HPRegen  0.24/turn              H - ring of protection from fire
MPRegen  0.21/turn              t - +3 ring of dexterity

@: paralysed, slowed
A: beak, talons 3, yellow scales 2, agile 1, able to fly 1
a: Fly, Divine Energy, Channel Magic, Forget Spell, Renounce Religion


You were on level 11 of the Dungeon.
You worshipped Sif Muna.
Sif Muna was greatly pleased with you.
You were hungry.

You visited 3 branches of the dungeon, and saw 18 of its levels.

You collected 917 gold pieces.

Inventory:

Hand Weapons
 q - a +2 quarterstaff of draining (weapon)
Missiles
 e - 9 steel javelins (quivered)
Armour
 a - a +1 robe
 o - a +1 cloak (worn)
 r - the +0 pair of gloves of the Saviour {Slay+3}
   (You found it on level 11 of the Dungeon)

   It affects your accuracy and damage with ranged weapons and melee attacks
   (+3).
 y - a +2 pair of gloves
 z - a +2 robe
 L - the +2 pair of gloves of Sin (worn) {rElec Slay+3}
   (You found it on level 5 of the Lair of Beasts)

   It affects your accuracy and damage with ranged weapons and melee attacks
   (+3).
   It insulates you from electricity.
 N - the +2 robe of Fun and Games (worn) {*Corrode rPois Int+2}
   (You took it off a gnoll on level 11 of the Dungeon)

   It affects your intelligence (+2).
   It protects you from poison.
   It may corrode you when you take damage.
 T - a +0 hat (worn)
Jewellery
 d - an uncursed amulet of faith
 t - a +3 ring of dexterity (right hand)
 C - an uncursed ring of stealth
 H - a ring of protection from fire (left hand)
 P - a cursed ring of loudness {unknown}
 R - the amulet "Viora" {Inacc *Drain rPois rC+}
   (You found it on level 10 of the Dungeon)

   [amulet of inaccuracy]

   It reduces the accuracy of all your attacks.
   It protects you from cold.
   It protects you from poison.
   It causes draining when unequipped.
 S - an uncursed ring of fire
 V - an uncursed ring of protection from cold {unknown}
Wands
 h - a wand of enslavement (13)
 j - a wand of acid (12)
 p - a wand of iceblast (31)
 O - a wand of paralysis (13)
Scrolls
 f - 2 scrolls of enchant weapon
 k - a scroll of immolation
 m - 11 scrolls of teleportation
 u - 4 scrolls of enchant armour
 A - 4 scrolls of remove curse
 I - 4 scrolls of magic mapping
 Q - 3 scrolls of amnesia
 W - a scroll of fog
Potions
 g - a potion of brilliance
 i - a potion of cancellation
 l - 4 potions of invisibility {unknown}
 n - 10 potions of curing
 w - 3 potions of flight {unknown}
 x - 3 potions of berserk rage {unknown}
 D - 5 potions of haste {unknown}
 E - 2 potions of might {unknown}
 F - 3 potions of agility {unknown}
 K - 4 potions of degeneration {unknown}
 M - a potion of resistance
 X - a potion of ambrosia
Books
 b - a book of Callings

   Spells                             Type                      Level
   a - Summon Small Mammal            Summoning                    1
   b - Call Imp                       Summoning                    2
   c - Call Canine Familiar           Summoning                    3
   d - Summon Guardian Golem          Hexes/Summoning              3
   e - Summon Lightning Spire         Summoning/Air                4
   f - Summon Ice Beast               Ice/Summoning                4
 J - a Young Poisoner's Handbook

   Spells                             Type                      Level
   a - Sting                          Conjuration/Poison           1
   b - Poisonous Vapours              Poison/Air                   2
   c - Mephitic Cloud                 Conjuration/Poison/Air       3
   d - Olgreb's Toxic Radiance        Poison                       4
   e - Venom Bolt                     Conjuration/Poison           5
 U - a book of Conjurations

   Spells                             Type                      Level
   a - Magic Dart                     Conjuration                  1
   b - Searing Ray                    Conjuration                  2
   c - Dazzling Spray                 Conjuration/Hexes            3
   d - Fulminant Prism                Conjuration/Hexes            4
   e - Force Lance                    Conjuration/Translocation    4
   f - Iskenderun's Mystic Blast      Conjuration                  4
 Y - a book of Misfortune

   Spells                             Type                      Level
   a - Confusing Touch                Hexes                        1
   b - Confuse                        Hexes                        3
   c - Gell's Gravitas                Translocation                3
   d - Petrify                        Transmutation/Earth          4
   e - Metabolic Englaciation         Hexes/Ice                    5
   f - Yara's Violent Unravelling     Hexes/Transmutation          5
Comestibles
 c - a bread ration
 s - 8 meat rations
 B - 10 fruits
 G - 4 royal jellies


   Skills:
 + Level 12.2 Fighting
 + Level 10.5 Dodging
 - Level 2.0 Stealth
 + Level 10.4 Spellcasting
 - Level 10.9 Summonings
 + Level 11.0 Air Magic


You had 16 spell levels left.
You knew the following spells:

 Your Spells              Type           Power        Failure   Level  Hunger
a - Mephitic Cloud        Conj/Pois/Air  ####....     4%          3    None
b - Call Imp              Summ           ######..     1%          2    None
c - Call Canine Familiar  Summ           ######..     1%          3    None
d - Summon Lightning Spi  Summ/Air       ######..     1%          4    ##.....
e - Summon Ice Beast      Ice/Summ       ####....     6%          4    ##.....


Dungeon Overview and Level Annotations

Branches:
Dungeon (11/15)            Temple (1/1) D:7            Lair (6/6) D:11
  Swamp (0/4) Lair:4        Snake (0/4) Lair:2        Slime (0/5) Lair:5
    Orc (0/2) D:10

Altars:
Ashenzari
Cheibriados
Dithmenos
Elyvilon
Fedhas
Gozag
Hepliaklqana
Kikubaaqudgha
Makhleb
Nemelex Xobeh
Okawaru
Qazlal
Ru
Sif Muna
Trog
Uskayaw
Vehumet
Wu Jian
Xom
Yredelemnul
Zin
The Shining One

Shops:
D:8 :

Annotations:
D:4 Eustachio
D:9 Gastronok; solxrula's ghost, novice TrBe
Lair:4 2 transporters
Lair:5 Rupert


Innate Abilities, Weirdness & Mutations

You have a beak for a mouth.
You have claws for feet.
You can fly.
You are mostly covered in yellow scales. (AC +3)
You are agile. (Dex +2)


Message History

Something completely misses you. The hornet stings you. x2
The wraith completely misses you. The hornet misses you.
The wraith barely misses you.
You climb downwards.
There is a stone staircase leading up here.
Unknown command.
Unknown command.
Unknown command.
The hornet stings you! The hornet misses you. The wraith misses you.
The hornet misses you. The hornet stings you!
* * * LOW HITPOINT WARNING * * *
You suddenly lose the ability to move!
The hornet stings you but does no damage.
The hornet stings you.
* * * LOW HITPOINT WARNING * * *
The wraith hits you.
* * * LOW HITPOINT WARNING * * *
The hornet stings you!
You die...

.........P..........####..####.##
###.............########..####.##
# #....########.# #...........##
# ###### #.# #.###......... #
#.####.###..####### #
#.#................ ##
########.####.###.########
.#######........####.# #.##......
.#.....#.......W@....###.##.#####
.#..##.#.<.....y####........# #
.#..##.#.....<..# #.###.##.# #
.....#.#..))....# #.# #.##.# #
.#........#####.# #.# #....# #
................# #.# #.##.# #
.#...##.###.########.###.##.#####
.................................
##...##.##..###############.#####


You could see a hornet and a wraith.

Vanquished Creatures
  4 spiny frogs
  3 komodo dragons
  4 blink frogs
  6 hippogriffs
  A dream sheep (Lair:5)
  4 wyverns (Lair:6)
  3 water moccasins
  2 porcupines
  2 ice beasts
  A wolf (Lair:3)
  8 crocodiles
  A centaur (D:8)
  5 bullfrogs
  A scorpion (D:8)
  An electric eel (Lair:4)
  4 wights (D:8)
  2 howler monkeys
  A crimson imp (D:9)
  A centaur zombie (D:9)
  4 orc wizards
  A bullfrog skeleton (D:11)
  A hound (D:7)
  2 centaur skeletons
  An iguana (D:4)
  2 worker ants
  2 hound zombies
  A hound skeleton (D:3)
  2 worker ant zombies
  6 adders
  A howler monkey skeleton (D:8)
  A gnoll (D:8)
  An ooze (Lair:5)
  2 adder skeletons
  5 worms
  2 dart slugs (D:3)
  4 leopard geckos
  21 orcs
  5 bats
  8 giant cockroaches
  6 hobgoblins
  7 jackals
  6 kobolds
  4 quokkas
  3 ball pythons
  4 frilled lizards
  6 goblins
  5 rats
167 creatures vanquished.

Vanquished Creatures (collateral kills)
  3 hydras
  2 two-headed ogres
  A centaur warrior (D:10)
  5 death yaks
  Sonja (Lair:3)
  A lindwurm (Lair:4)
  Pikel (D:5)
  2 cyclopes (D:11)
  3 black mambas
  Joseph (D:9)
  A torpor snail (Lair:6)
  2 centaur zombies (D:10)
  A gargoyle (D:10)
  4 spiny frogs
  A rime drake (Lair:5)
  3 komodo dragons
  2 polar bears
  Grinder (D:5)
  7 hippogriffs
  6 blink frogs
  A hornet (Lair:5)
  3 dream sheep (Lair:5)
  Sigmund (D:5)
  The ghost of slep the Shield-Bearer, an amateur VSFi (D:3)
  A wyvern (Lair:6)
  A vampire (D:11)
  22 yaks
  5 basilisks
  A hungry ghost (D:11)
  Menkaure (D:4)
  An acid dragon (D:11)
  7 porcupines
  24 water moccasins
  A slave (D:5)
  2 ice beasts
  5 orc warriors
  A black bear (D:10)
  An ogre (D:6)
  A phantom (D:5)
  4 wolves (Lair:3)
  A crocodile (shapeshifter) (D:10)
  7 crocodiles
  A big kobold (D:9)
  8 bullfrogs
  A wyvern skeleton (D:7)
  2 scorpions
  12 killer bees
  2 wights (D:8)
  2 crimson imps
  A bullfrog zombie (D:11)
  A quasit (D:8)
  7 jellies
  7 orc priests
  A hound (D:6)
  5 orc wizards
  A bullfrog skeleton (D:8)
  4 iguanas
  6 worker ants
  A hound skeleton (D:11)
  A worker ant zombie (D:11)
  8 gnolls
  7 adders
  5 oozes (Lair:5)
  2 dart slugs (D:1)
  5 leopard geckos
  13 orcs
  2 ball pythons
  4 hobgoblins
  5 jackals
  2 quokkas
  3 bats
  3 frilled lizards
  7 goblins
  9 kobolds
  3 rats
  A plant (Lair:2)
282 creatures vanquished.

Vanquished Creatures (others)
  A komodo dragon (Lair:5)
  An efreet (D:10)
  27 fungi
  25 plants
54 creatures vanquished.

Grand Total: 503 creatures vanquished

Notes
Turn   | Place    | Note
-------+----------+-------------------------------------------
     0 | D:1      | rgaf the Tengu Summoner began the quest for the Orb.
     0 | D:1      | Reached XP level 1. HP: 10/10 MP: 4/4
   104 | D:1      | Reached skill level 5 in Summonings
   296 | D:1      | Reached XP level 2. HP: 11/15 MP: 3/6
   363 | D:1      | Learned a level 2 spell: Call Imp
   848 | D:1      | Reached XP level 3. HP: 19/19 MP: 5/7
  1347 | D:2      | You fall through a shaft!
  1357 | D:3      | Learned a level 3 spell: Call Canine Familiar
  1509 | D:3      | Noticed slep's ghost (amateur VSFi)
  2024 | D:4      | Noticed Eustachio
  2115 | D:4      | Noticed Menkaure
  2266 | D:4      | Reached XP level 4. HP: 24/24 MP: 4/9
  2271 | D:4      | Found a sacrificial altar of Ru.
  2558 | D:4      | Killed Menkaure
  2558 | D:4      | Gained mutation: You can fly. [Tengu growth]
  2558 | D:4      | Reached XP level 5. HP: 3/28 MP: 2/10
  3129 | D:4      | Learned a level 4 spell: Summon Lightning Spire
  3502 | D:4      | Found a sparkling altar of Nemelex Xobeh.
  4745 | D:3      | Reached XP level 6. HP: 32/32 MP: 12/12
  5017 | D:3      | Found a hide-covered altar of Uskayaw.
  5114 | D:3      | Killed slep's ghost
  5303 | D:5      | Entered Level 5 of the Dungeon
  5482 | D:5      | You fall through a shaft!
  5566 | D:5      | Found an opulent altar of Gozag.
  5652 | D:5      | Noticed Sigmund
  6142 | D:5      | Noticed a phantom
  6218 | D:5      | Killed a phantom
  6218 | D:5      | Reached XP level 7. HP: 21/36 MP: 2/14
  6252 | D:5      | Killed Sigmund
  6635 | D:5      | Noticed Grinder
  6646 | D:5      | Killed Grinder
  6718 | D:5      | Found a shadowy altar of Dithmenos.
  6722 | D:5      | Noticed Pikel
  6741 | D:5      | Killed Pikel
  6813 | D:5      | Reached XP level 8. HP: 41/41 MP: 16/16
  6915 | D:5      | Reached skill level 5 in Spellcasting
  7075 | D:5      | Found a blossoming altar of Fedhas.
  7368 | D:6      | Reached skill level 10 in Summonings
  7769 | D:6      | Found a burning altar of Makhleb.
  8356 | D:7      | Found a basalt altar of Yredelemnul.
  8445 | D:7      | Found a shattered altar of Ashenzari.
  8833 | D:7      | Found a staircase to the Ecumenical Temple.
  8848 | Temple   | Entered the Ecumenical Temple
  9098 | D:7      | Learned a level 4 spell: Summon Ice Beast
  9416 | D:7      | Found an ornate altar of the Wu Jian Council.
  9592 | D:7      | Noticed a hippogriff
  9733 | D:7      | Found a deep blue altar of Sif Muna.
  9877 | D:7      | Killed a hippogriff
  9877 | D:7      | Reached skill level 1 in Fighting
  9989 | D:8      | Noticed a hippogriff
 10002 | D:7      | Killed a hippogriff
 10117 | D:7      | Reached skill level 2 in Fighting
 10345 | D:8      | Reached XP level 9. HP: 27/48 MP: 13/19
 10515 | D:8      | Found a shimmering altar of Xom.
 10642 | D:8      | Found Leud's Book Shop.
 10898 | D:8      | Reached skill level 3 in Fighting
 11077 | D:8      | Found an iron altar of Okawaru.
 11078 | D:8      | Found a glowing silver altar of Zin.
 11280 | D:7      | Became a worshipper of Sif Muna the Loreminder
 11492 | D:9      | Noticed a two-headed ogre
 11611 | D:8      | Reached skill level 1 in Air Magic
 11785 | D:9      | Noticed Joseph
 11950 | D:9      | Noticed Gastronok
 12184 | D:8      | Reached skill level 5 in Dodging
 12240 | D:9      | Noticed solxrula's ghost (novice TrBe)
 12253 | D:9      | Reached skill level 4 in Fighting
 12417 | D:9      | Killed Joseph
 13336 | D:10     | Entered Level 10 of the Dungeon
 13440 | D:10     | Reached * piety under Sif Muna
 13440 | D:10     | Reached XP level 10. HP: 58/58 MP: 10/22
 13636 | D:10     | Noticed a shock serpent
 13636 | D:10     | Noticed a centaur warrior
 13648 | D:10     | Noticed a gargoyle
 13653 | D:10     | Killed a centaur warrior
 13653 | D:10     | Reached skill level 5 in Fighting
 13654 | D:10     | Noticed an elephant
 13654 | D:10     | a shock serpent changed into an elephant
 13661 | D:10     | Killed a gargoyle
 13688 | D:10     | You fall through a shaft!
 13780 | D:11     | Reached skill level 5 in Air Magic
 13891 | D:11     | Learned a level 3 spell: Mephitic Cloud
 13984 | D:11     | Noticed a cyclops
 14086 | D:11     | Killed a cyclops
 14906 | D:11     | Got an ichor-stained robe
 14917 | D:11     | Identified the +2 robe of Fun and Games {*Corrode rPois Int+2} (You took it off a gnoll on level 11 of the Dungeon)
 15027 | D:11     | Reached skill level 6 in Fighting
 15254 | D:11     | Noticed a five-headed hydra
 15280 | D:11     | Killed a five-headed hydra
 15280 | D:11     | Reached ** piety under Sif Muna
 15412 | D:11     | Noticed a cyclops
 15459 | D:11     | Killed a cyclops
 15620 | D:11     | Found a staircase to the Lair.
 15669 | D:11     | Got a pair of slimy gloves
 15680 | D:11     | Identified the cursed +0 pair of gloves of the Saviour {Slay+3} (You found it on level 11 of the Dungeon)
 16596 | D:10     | Found a staircase to the Orcish Mines.
 16782 | D:9      | Killed a two-headed ogre
 16782 | D:9      | Reached XP level 11. HP: 43/66 MP: 8/24
 16943 | D:10     | Noticed a two-headed ogre
 16948 | D:10     | Killed a two-headed ogre
 17031 | D:10     | Got a bound brass amulet
 17148 | D:11     | Identified the amulet "Viora" {Inacc *Drain rPois rC+} (You found it on level 10 of the Dungeon)
 17185 | Lair:1   | Entered Level 1 of the Lair of Beasts
 17452 | Lair:1   | Reached skill level 7 in Fighting
 18528 | Lair:2   | Found a staircase to the Snake Pit.
 19642 | Lair:3   | Noticed Sonja
 19653 | Lair:3   | Reached *** piety under Sif Muna
 19662 | Lair:3   | Killed Sonja
 19873 | Lair:3   | Noticed a seven-headed hydra
 19877 | Lair:3   | Killed a seven-headed hydra
 20055 | Lair:3   | Reached skill level 8 in Fighting
 20460 | Lair:4   | Found a staircase to the Swamp.
 20695 | Lair:4   | Reached XP level 12. HP: 74/74 MP: 8/26
 21653 | Lair:4   | Gained mutation: Potions are less effective at restoring your health. [potion of mutation]
 21653 | Lair:4   | Gained mutation: You have a pair of small horns on your head. [potion of mutation]
 21704 | Lair:4   | Found a transporter.
 21734 | Lair:4   | Found a transporter.
 21955 | Lair:5   | Noticed a death yak
 21955 | Lair:5   | Noticed a death yak
 21955 | Lair:5   | Noticed a death yak
 21957 | Lair:5   | Noticed a death yak
 21957 | Lair:5   | Noticed a death yak
 22048 | Lair:4   | Killed a death yak
 22051 | Lair:4   | Killed a death yak
 22051 | Lair:4   | Reached skill level 10 in Air Magic
 22288 | Lair:5   | Noticed Rupert
 22324 | Lair:5   | Reached skill level 11 in Fighting
 22324 | Lair:5   | Reached XP level 13. HP: 85/85 MP: 27/27
 22332 | Lair:5   | Reached **** piety under Sif Muna
 22422 | Lair:5   | Found a staircase to the Slime Pits.
 22772 | Lair:5   | Reached skill level 10 in Dodging
 22772 | Lair:5   | Reached skill level 10 in Spellcasting
 23310 | Lair:6   | Entered Level 6 of the Lair of Beasts
 23590 | Lair:5   | Got a pair of steaming gloves
 23601 | Lair:5   | Identified the +2 pair of gloves of Sin {rElec Slay+3} (You found it on level 5 of the Lair of Beasts)
 24007 | Lair:5   | Reached skill level 12 in Fighting
 24911 | Lair:6   | Paralysed by a hornet for 1 turns
 25449 | Lair:6   | Lost mutation: Potions are less effective at restoring your health. [potion of mutation]
 25449 | Lair:6   | Lost mutation: You have a pair of small horns on your head. [potion of mutation]
 25449 | Lair:6   | Gained mutation: You are partially covered in yellow scales. (AC +2) [potion of mutation]
 25449 | Lair:6   | Gained mutation: You are mostly covered in yellow scales. (AC +3) [potion of mutation]
 25449 | Lair:6   | Gained mutation: You are agile. (Dex +2) [potion of mutation]
 26377 | D:11     | Paralysed by a hornet for 3 turns
 26379 | D:11     | Slain by a hornet

Vault maps used:
D:1:      tarquinn_simple_flora_water_a
D:2:      minmay_hedge_maze
D:3:      lemuel_doored_altar, portal_sewer_entry_b, minmay_surrounded
D:4:      kennysheep_little_box, hangedman_ru_absence, uniq_menkaure,
          uniq_eustachio
D:5:      minmay_opposing_rooms, nicolae_dithmenos_shadow_blocks,
          nicolae_gozag_seed_capital, first_bread, serial_co_window_serial,
          co_window_paths_b, co_window_paths_a, co_window_paths_b,
          co_window_of_opportunity_a, co_window_of_opportunity_a,
          co_window_corner_a, co_window_paths_a, co_window_broadway_a,
          co_window_corner_ca, co_window_corner_b, co_window_paths_c,
          co_window_paths_d, co_window_4corner_a, glass_columns_c,
          fedhas_altar_2, uniq_pikel, uniq_sigmund, uniq_grinder
D:6:      lemuel_crystal_altar
D:7:      statuecave_lemuel, kennysheep_mini, old_standard_altar,
          kennysheep_mini_moat, ashenzari_altar_1,
          minmay_temple_entry_statues_pillars
D:8:      xom_teletrap_fun, gammafunk_temple_overflow_statue, serial_shops, shop
D:9:      hangedman_incinerator, uniq_joseph, uniq_gastronok
D:10:     erik_orc_4, hangedman_pestilent_swarm, minmay_diamond_spiral
D:11:     grunt_lair_entry_orc_guard_hut
Temple:   dpeg_three_leaves_temple
Lair:1:   nicolae_quartered_pool_medium, minivault_19, serial_bayou_shore_b,
          serial_bayou_shore_b
Lair:2:   minmay_snake_entry_six_corridors, grunt_megastairs_5
Lair:3:   uniq_sonja
Lair:4:   gammafunk_cloud_chamber, swamp_mist, lemuel_fruit_tree,
          infiniplex_staircase_pool
Lair:5:   nicolae_slime_entry_slimehenge, uniq_rupert
Lair:6:   hangedman_lair_tendril_chambers

Skill      XL: |  1  2  3  4  5  6  7  8  9 10 11 12 13 |
---------------+----------------------------------------+-----
Summonings     | 5 6 7 8 9 10 | 10.9
Spellcasting   | 3 4 6 7 8 9 10 | 10.4
Fighting       | 2 4 6 8 11 12 | 12.2
Dodging        | 3 5 7 9 10 | 10.5
Air Magic      | 4 7 9 10 11 | 11.0
Stealth        | |  2.0

Action                   |  1- 3 |  4- 6 |  7- 9 | 10-12 | 13-15 || total
-------------------------+-------+-------+-------+-------+-------++-------
Melee: Unarmed           |    18 |       |       |       |       ||    18
       Kick              |     8 |    23 |    36 |    41 |    33 ||   141
       Peck              |     2 |    16 |    30 |    35 |    25 ||   108
       Dagger            |     3 |       |       |       |       ||     3
       Quarterstaff      |     2 |   141 |   177 |   185 |   104 ||   609
       Headbutt          |       |       |       |       |    17 ||    17
 Cast: Summon Small Mamm |    16 |       |       |       |       ||    16
       Call Imp          |    39 |    20 |     9 |       |       ||    68
       Call Canine Famil |     2 |     2 |       |       |       ||     4
       Summon Lightning  |       |     9 |    31 |    71 |    33 ||   144
       Summon Ice Beast  |       |       |    61 |   107 |    26 ||   194
 Abil: Fly               |       |       |     1 |     1 |     2 ||     4
Evoke: Wand              |       |       |       |     3 |       ||     3
  Use: Scroll            |       |     4 |    10 |    11 |     4 ||    29
       Potion            |       |       |       |     4 |     4 ||     8
 Stab: Sleeping          |       |     8 |     2 |       |       ||    10
       Distracted        |       |       |     2 |     1 |       ||     3
  Eat: Chunk             |     5 |    13 |    23 |    30 |    14 ||    85
       Bread ration      |     1 |       |     3 |     2 |       ||     6
       Royal jelly       |       |       |     1 |       |       ||     1
       Fruit             |       |       |       |     4 |       ||     4
Armor: Robe              |    17 |    39 |    80 |    57 |    41 ||   234
       Skin              |       |       |       |    20 |       ||    20
Dodge: Dodged            |    32 |    94 |   197 |   202 |   211 ||   736

Table legend:
 A = Spawn XP
 B = Non-spawn XP
 C = Spawn XP percentage of total XP
 D = Spawn monster count
 E = Non-spawn monster count
 F = Spawn count percentage of total count
 G = Total turns spent on level
                    A         B        C        D         E        F      G
               +---------+---------+-------+---------+---------+-------+---------
         Total |       0 |   31472 |   0.0 |       0 |     448 |   0.0 | 26379
               +---------+---------+-------+---------+---------+-------+---------
           D:1 |       0 |      36 |   0.0 |       0 |      29 |   0.0 |  1130
           D:2 |       0 |      40 |   0.0 |       0 |      14 |   0.0 |   954
           D:3 |       0 |     255 |   0.0 |       0 |      45 |   0.0 |  1076
           D:4 |       0 |     174 |   0.0 |       0 |      15 |   0.0 |  2235
           D:5 |       0 |     753 |   0.0 |       0 |      21 |   0.0 |  1886
           D:6 |       0 |     246 |   0.0 |       0 |      14 |   0.0 |  1151
           D:7 |       0 |     768 |   0.0 |       0 |      20 |   0.0 |  1816
           D:8 |       0 |    1317 |   0.0 |       0 |      34 |   0.0 |  2255
           D:9 |       0 |    1203 |   0.0 |       0 |      27 |   0.0 |   965
          D:10 |       0 |    2811 |   0.0 |       0 |      37 |   0.0 |  1174
          D:11 |       0 |    2749 |   0.0 |       0 |      40 |   0.0 |  2516
        Lair:1 |       0 |    2217 |   0.0 |       0 |      20 |   0.0 |  1163
        Lair:2 |       0 |    2338 |   0.0 |       0 |      26 |   0.0 |  1231
        Lair:3 |       0 |    2302 |   0.0 |       0 |      18 |   0.0 |   925
        Lair:4 |       0 |    4394 |   0.0 |       0 |      28 |   0.0 |  1795
        Lair:5 |       0 |    6297 |   0.0 |       0 |      41 |   0.0 |  3195
        Lair:6 |       0 |    3572 |   0.0 |       0 |      19 |   0.0 |   836
               +---------+---------+-------+---------+---------+-------+---------
